Map: Lerilak Crest

Players

Psychosis

  • Race: Zerg Zerg
  • League: Master

dipwood - Winner!

  • Race: Protoss Protoss
  • League: Master

VOD

Have the link to the VOD?

Description

Time

  • Played on: Dec. 13, 2015, 6:18 p.m.
  • Length: 21:27
Show
View Real Time Build Order
Export as new Build Order

Psychosis Zerg 

Build Orders: Pool First 

Get SALT Encoding   

  12  0:01  Drone  
  13  0:09  Drone  
  14  0:28  Spawning Pool  
  13  0:29  Drone  
  14  0:37  Overlord  
  14  0:42  Extractor  
  14  0:43  Drone  
  15  0:56  Drone  
  16  1:14  Zergling x6  
  16  1:17  Queen  
  21  1:20  Extractor  
  20  1:29  Zergling x2  
  21  1:38  Zergling x2  
  22  1:44  Hatchery  
  21  1:50  Overlord  
  21  1:58  Drone  
  21  2:15  Drone  
  21  2:23  Metabolic Boost  
  21  2:25  Drone  
  22  2:32  Drone  
  23  2:43  Overlord  
  23  2:45  Zergling x6  
  26  2:58  Zergling x4  
  26  2:59  Queen  
  30  3:05  Zergling x2  
  30  3:11  Zergling x2  
  32  3:17  Zergling x4  
  32  3:18  Zergling x2  
  35  3:26  Overlord  
  35  3:27  Drone  
  35  3:44  Zergling x10  
  31  3:59  Zergling x6  
  31  4:04  Drone x3  
  34  4:14  Lair  
  34  4:23  Drone x3  
  37  4:26  Drone  
  36  4:45  Drone x4  
  37  4:46  Drone x3  
  40  4:53  Drone x3  
  43  5:10  Extractor  
  43  5:11  Extractor  
  43  5:13  Extractor  
  40  5:14  Spine Crawler  
  40  5:17  Spire  
  40  5:19  Drone x4  
  40  5:20  Drone  
  43  5:23  Zergling x4  
  43  5:24  Zergling x2  
  43  5:25  Zergling x2  
  48  5:28  Zergling x2  
  48  5:30  Zergling x2  
  49  5:37  Spore Crawler  
  48  5:42  Overlord  
  48  5:53  Drone x3  
  48  5:55  Overlord  
  48  5:56  Overlord  
  47  6:20  Overlord  
  47  6:28  Mutalisk x7  
  61  6:37  Evolution Chamber  
  60  6:40  Evolution Chamber  
  60  6:41  Overseer  
  51  7:03  Zergling x2  
  51  7:04  Zergling x14  
  51  7:05  Zergling x6  
  62  7:18  Queen  
  62  7:21  Drone x2  
  62  7:22  Drone x2  
  68  7:23  Drone  
  69  7:40  Zerg Melee Weapons Level 1  
  69  7:41  Zerg Ground Armor Level 1  
  69  7:47  Spore Crawler  
  68  7:55  Hydralisk Den  
  67  7:59  Zergling x6  
  67  8:00  Zergling x10  
  67  8:01  Zergling x2  
  76  8:30  Muscular Augments  
  76  8:31  Overlord  
  76  8:32  Overlord x2  
  76  8:35  Hydralisk x3  
  76  8:36  Hydralisk  
  84  8:45  Overlord  
  84  8:51  Hydralisk x2  
  88  8:56  Hydralisk x2  
  89  9:17  Hydralisk x4  
  97  9:24  Infestation Pit  
  95  9:32  Hydralisk x3  
  95  9:37  Hydralisk  
  103  9:51  Overlord  
  103  9:55  Hydralisk x2  
  103  9:57  Overlord  
  80  10:46  Zergling x10  
  80  10:47  Zergling x18  
  71  11:03  Zergling x4  
  71  11:10  Hydralisk x2  
  61  11:17  Hive  
  60  11:22  Overseer  
  59  11:28  Hydralisk x4  
  67  11:55  Hydralisk x6  
  74  12:24  Overseer  
  74  12:26  Corruptor x3  
  80  12:31  Greater Spire  
  80  13:00  Corruptor x2  
  80  13:01  Corruptor  
  78  13:16  Drone x3  
  78  13:17  Drone  
  80  13:52  Brood Lord x3  
  80  13:53  Brood Lord  
  88  14:02  Brood Lord  
  90  14:16  Brood Lord  
  91  14:49  Overlord  
  91  14:50  Overlord x2  
  87  15:20  Hydralisk  
  87  15:21  Hydralisk x6  
  89  15:41  Zergling x8  
  89  15:42  Zergling x4  
  47  16:26  Hatchery  
  46  16:42  Corruptor x2  
  46  16:43  Corruptor  
  51  16:55  Corruptor  
  53  17:03  Corruptor  
  53  17:29  Corruptor  
  53  17:30  Corruptor  
  57  17:54  Corruptor  
  59  18:04  Corruptor  
  61  18:16  Drone  
  62  18:22  Extractor  
  62  18:24  Extractor  
  60  18:31  Corruptor x2  
  63  18:56  Corruptor  
  63  18:57  Corruptor x2  
  58  19:11  Hydralisk  
  58  19:12  Zergling x2  
  58  19:13  Zergling x4  
Show
View Real Time Build Order
Export as new Build Order

dipwood Protoss - Winner!

Build Orders:  

Get SALT Encoding   

  12  0:01  Probe (Chrono Boost)  
  13  0:11  Probe (Chrono Boost)  
  14  0:19  Pylon  
  14  0:22  Probe (Chrono Boost)  
  15  0:40  Gateway  
  15  0:41  Probe (Chrono Boost)  
  16  0:44  Assimilator  
  16  0:51  Probe (Chrono Boost)  
  17  1:02  Probe (Chrono Boost)  
  18  1:12  Probe (Chrono Boost)  
  19  1:27  Zealot (Chrono Boost)  
  19  1:30  Cybernetics Core  
  21  1:39  Gateway  
  21  1:43  Probe  
  22  1:47  Pylon  
  22  1:55  Probe  
  23  2:07  Pylon  
  25  2:08  Adept (Chrono Boost)  
  23  2:18  Assimilator  
  23  2:19  Pylon  
  23  2:29  Adept (Chrono Boost)  
  26  2:30  Probe  
  26  2:42  Probe (Chrono Boost)  
  27  2:53  Mothership Core (Chrono Boost)  
  29  3:03  Warp Gate (Chrono Boost)  
  29  3:06  Adept  
  29  3:07  Adept  
  33  3:12  Probe  
  34  3:31  Nexus  
  34  3:33  Pylon  
  34  3:37  Robotics Facility  
  32  4:04  Probe, Pylon  
  32  4:09  Twilight Council  
  33  4:13  Gateway  
  33  4:15  Gateway  
  33  4:16  Probe  
  34  4:22  Pylon  
  34  4:28  Probe  
  34  4:31  Warp Prism  
  37  4:41  Probe  
  37  4:43  Probe  
  39  4:51  Dark Shrine  
  39  4:53  Probe x2  
  41  5:00  Pylon  
  41  5:05  Probe x2 (Chrono Boost)  
  44  5:14  Observer  
  44  5:16  Probe x2 (Chrono Boost)  
  44  5:19  Assimilator  
  46  5:24  Assimilator  
  46  5:26  Probe (Chrono Boost)  
  46  5:27  Probe (Chrono Boost)  
  48  5:31  Pylon  
  48  5:34  Adept  
  50  5:40  Immortal  
  50  5:41  Probe (Chrono Boost)  
  56  5:43  Probe (Chrono Boost)  
  56  5:51  Probe (Chrono Boost)  
  56  5:53  Probe (Chrono Boost)  
  59  6:11  Probe x2 (Chrono Boost)  
  60  6:19  Robotics Bay  
  60  6:21  Immortal  
  60  6:22  Probe x2 (Chrono Boost)  
  60  6:25  Pylon  
  66  6:32  Probe (Chrono Boost)  
  67  6:38  Dark Templar  
  67  6:39  Dark Templar  
  67  7:04  Blink  
  67  7:07  Stargate  
  67  7:08  Stargate  
  67  7:10  Stalker x2  
  67  7:13  Dark Templar  
  63  7:20  Stalker  
  65  7:24  Pylon  
  65  7:33  Pylon  
  65  7:37  Stalker x2  
  69  7:51  Phoenix x2 (Chrono Boost)  
  69  7:56  Dark Templar  
  75  8:08  Warp Prism  
  77  8:13  Phoenix (Chrono Boost)  
  77  8:15  Nexus  
  77  8:17  Phoenix (Chrono Boost)  
  81  8:22  Archon  
  81  8:33  Forge  
  81  8:34  Forge  
  81  8:39  Pylon  
  81  8:43  Assimilator  
  81  8:47  Assimilator  
  81  8:54  Phoenix (Chrono Boost)  
  81  8:55  Phoenix (Chrono Boost)  
  85  9:00  Fleet Beacon  
  85  9:18  Disruptor (Chrono Boost)  
  85  9:19  Nexus  
  88  9:28  Protoss Ground Weapons Level 1, Protoss Ground Armor Level 1  
  87  9:33  Probe  
  88  9:41  Robotics Facility  
  88  9:43  Probe, Pylon  
  89  9:46  Dark Templar  
  91  9:54  Probe  
  91  9:56  Dark Templar  
  94  10:04  Probe  
  95  10:15  Probe  
  96  10:24  Disruptor (Chrono Boost)  
  96  10:25  Probe  
  94  10:36  Probe  
  94  10:37  Stalker x4  
  69  10:53  Dark Templar  
  69  10:55  Disruptor (Chrono Boost)  
  58  11:00  Dark Templar x2  
  58  11:01  Zealot  
  58  11:13  Probe  
  58  11:14  Probe  
  58  11:15  Probe  
  61  11:22  Archon  
  61  11:27  Mothership Core, Probe  
  61  11:29  Pylon  
  64  11:36  Probe  
  64  11:39  Probe  
  59  11:48  Dark Templar  
  59  11:53  Dark Templar, Nexus  
  60  11:55  Pylon x2  
  60  12:08  Pylon  
  56  12:28  Dark Templar x3  
  62  12:32  Archon  
  62  12:34  Archon  
  62  12:38  Pylon  
  62  12:41  Pylon  
  62  12:52  Dark Templar  
  64  13:01  Probe x2  
  70  13:36  Archon  
  70  13:38  Probe  
  70  13:39  Probe  
  70  13:40  Probe  
  73  13:44  Tempest  
  67  13:52  Probe  
  67  13:53  Probe x2  
  74  14:03  Probe  
  74  14:05  Probe x2  
  77  14:12  Dark Templar  
  79  14:25  Dark Templar  
  79  14:29  Tempest  
  85  14:46  Tempest  
  85  14:52  Assimilator  
  89  14:57  Assimilator  
  89  15:16  Dark Templar x2  
  89  15:17  Dark Templar  
  62  15:56  Nexus  
  57  16:13  Stalker x4  
  65  16:20  Pylon x2  
  65  16:42  Dark Templar x2  
  69  16:47  Dark Templar  
  71  17:08  Tempest  
  71  17:28  Disruptor (Chrono Boost)  
  74  17:33  Zealot  
  74  17:36  Probe  
  75  17:59  Tempest  
  79  18:08  Probe  
  79  18:09  Probe x2  
  82  18:19  Dark Templar  
  84  18:37  Archon  
  84  18:42  Adept x3  
  77  19:34  Dark Templar x4  
  77  19:37  Pylon  
  77  19:43  Void Ray  
  77  19:44  Disruptor (Chrono Boost)  
  77  19:46  Void Ray  
  77  19:48  Disruptor (Chrono Boost)  
  77  20:25  Pylon  
  77  20:52  Stalker x4  
  77  21:15  Archon  
  77  21:16  Archon  
Tags
 
Add a new tag
Caveats
  • Supply blocks, unpowered buildings, or Contaminate may cause inaccurate times.
  • Supply counts are checked every 10 seconds.